 Dungeon Crawl Stone Soup version 0.18-a0-1273-g8ec5f8e (webtiles) character file.

63 dvd the Conjurer (level 3, -11/19 HPs)
             Began as a Deep Elf Conjurer on Feb 7, 2016.
             Was an Initiate of Sif Muna.
             Killed by divine providence
             ... invoked by an orc priest
              (14 damage)
             ... on level 3 of the Dungeon.
             The game lasted 00:06:08 (2167 turns).

dvd the Conjurer (Deep Elf Conjurer)                Turns: 2167, Time: 00:06:08

Health: -11/19     AC:  4    Str:  5    XL:     3   Next: 89%
Magic:  0/10       EV: 13    Int: 20    God:    Sif Muna [......]
Gold:   129        SH:  3    Dex: 15    Spells: 3 memorised, 3 levels left

rFire  . . .     SeeInvis .     g - +0 dagger
rCold  . . .     Gourm    .     a - +0 robe
rNeg   . . .     Faith    .     (no shield)
rPois  .         Spirit   .     (no helmet)
rElec  .         Dismiss  .     o - +0 cloak
rCorr  .         Reflect  +     (no gloves)
SustAt .         Harm     .     (no boots)
MR     .....                    f - +3 amulet of reflection
Stlth  ++........               (no ring)
                                l - +1 ring of protection

@: not resistant to hostile enchantments, unstealthy
A: no striking features
a: Renounce Religion


You were on level 3 of the Dungeon.
You worshipped Sif Muna.
Sif Muna was noncommittal.
You were hungry.

You visited 1 branch of the dungeon, and saw 3 of its levels.

You collected 129 gold pieces.

Inventory:

Hand Weapons
 g - a +0 dagger (weapon)
 i - a +0 hand axe of chopping
Armour
 a - a +0 robe (worn)
 o - a +0 cloak (worn)
Jewellery
 f - a +3 amulet of reflection (around neck)
 l - a +1 ring of protection (left hand)
 r - an uncursed amulet of guardian spirit
Scrolls
 e - 2 scrolls of remove curse
 k - a scroll of fog {unknown}
 p - a scroll of enchant weapon {unknown}
 q - a scroll of fear {unknown}
Potions
 d - 2 potions of curing {unknown}
 h - a potion of ambrosia {unknown}
 j - a potion of haste {unknown}
 m - 2 potions of degeneration {unknown}
 n - a potion of lignification {unknown}
 s - a potion of agility {unknown}
Books
 b - a book of Conjurations

   Spells                             Type                      Level
   a - Magic Dart                     Conjuration                  1
   b - Searing Ray                    Conjuration                  2
   c - Dazzling Spray                 Conjuration/Hexes            3
   d - Fulminant Prism                Conjuration/Hexes            4
   e - Iskenderun's Mystic Blast      Conjuration                  4
   f - Iskenderun's Battlesphere      Conjuration/Charms           5
Comestibles
 c - 4 bread rations


   Skills:
 + Level 2.8 Dodging
 + Level 2.6 Stealth
 + Level 3.5 Spellcasting
 + Level 5.6 Conjurations


You had 3 spell levels left.
You knew the following spells:

 Your Spells              Type           Power        Failure   Level  Hunger
a - Magic Dart            Conj           ####         1%          1    None
b - Searing Ray           Conj           ####..       1%          2    ##.....
c - Dazzling Spray        Conj/Hex       ##......     14%         3    ###....


Dungeon Overview and Level Annotations

Branches:
Dungeon (3/15)

Altars:
Ashenzari
Kikubaaqudgha
Sif Muna
Trog
Zin


Message History

Confirm with . or Enter, or press ? or * to list all spells.
Aiming: Magic Dart
Press: ? - help, Shift-Dir - straight line, f/p - orc priest
Aim: an orc priest, wearing a leather armour (severely wounded, blind)
The magic dart hits the orc priest.
The orc priest is severely wounded.
The orc priest is no longer blind.
The orc priest calls down the wrath of Beogh upon you.
Pain shoots through your body!
* * * LOW HITPOINT WARNING * * *
You barely miss the orc priest.
The orc priest is severely wounded.
The orc priest casts a cantrip, but nothing happens.
Okay, then.
You closely miss the orc priest.
The orc priest is severely wounded.
The orc priest mumbles some strange prayers to Beogh against you.
Something smites you!
Ouch! That really hurt!
You die...

#.#####.# #. #.#
≈≈≈≈ #. #.# . ≈♣≈
# #># ### .♣♣≈P
#.. ..# ..≈≈ ###
#.# #.≈♣ #.#
#.≈♣♣♣
#########.###.[.≈♣
....)[o@......#
#########.###.#
#.# #.# #.# #.#
#.# #.###
##.###...#####.#
................#
.##.#####.#######
#.#


You could see an orc priest.

Vanquished Creatures
  2 adders
  A worm (D:1)
  A giant gecko (D:1)
  2 orcs (D:3)
  A ball python (D:2)
  A giant cockroach (D:2)
  4 goblins
  6 hobgoblins
  2 jackals (D:2)
  10 kobolds
  A quokka (D:2)
  5 bats (D:1)
  A giant newt (D:1)
  A rat (D:1)
38 creatures vanquished.

Vanquished Creatures (others)
  4 toadstools (D:1)
4 creatures vanquished.

Grand Total: 42 creatures vanquished

Notes
Turn   | Place    | Note
--------------------------------------------------------------
     0 | D:1      | dvd the Deep Elf Conjurer began the quest for the Orb.
     0 | D:1      | Reached XP level 1. HP: 10/10 MP: 6/6
   173 | D:1      | Found a shattered altar of Ashenzari.
   284 | D:1      | Reached XP level 2. HP: 15/15 MP: 4/8
   288 | D:1      | Learned a level 2 spell: Searing Ray
   459 | D:1      | Reached skill level 5 in Conjurations
  1036 | D:1      | Reached XP level 3. HP: 16/19 MP: 1/9
  1490 | D:2      | Found a deep blue altar of Sif Muna.
  1493 | D:2      | Became a worshipper of Sif Muna the Loreminder
  1810 | D:2      | Found a glowing silver altar of Zin.
  1905 | D:2      | Found a bloodstained altar of Trog.
  1905 | D:2      | Found an ancient bone altar of Kikubaaqudgha.
  2142 | D:3      | Learned a level 3 spell: Dazzling Spray
  2167 | D:3      | Killed from afar by an orc priest

Vault maps used:
D:1:      ldierk_walled_garden_2, serial_forest, infiniplex_forest_lined_room_2,
          infiniplex_forest_clump_curved, infiniplex_forest_clump_long,
          infiniplex_forest_clump_double, infiniplex_forest_clump_diagonal,
          infiniplex_forest_clump_C, infiniplex_forest_straight_2, minivault_5,
          roderic_lattice_a, evilmike_ruin_ashenzari
D:2:      gammafunk_temple_overflow_wave, lemuel_blue_sif_altar,
          overflow_temple_1_default, amethyst_killhole
D:3:      nicolae_overflow_crystal_walls, first_bread, serial_bayou_lake_a

Action                   || total
-------------------------++-------
Melee: Dagger            ||     4
 Cast: Magic Dart        ||    68
       Searing Ray       ||     3
       Dazzling Spray    ||     2
  Use: Scroll            ||     2
  Eat: Chunk             ||     3
